SAA
ATHLETIC CLUB KC ACADEMY @ SAN BERNARDINO GRASSHOPPERS
08/18/2021
 
TOP OF THE 1ST
Athletic Club KC Academy batting - Pitching for San Bernardino Grasshoppers : RHP Pablo Vargas
Pitching: RHP Pablo Vargas
Batting: SHB António Montés 0-0: Foul Ball, location: 2F
0-1: Ball
1-1: Ball
2-1: SINGLE (Groundball, 34D)
Batting: RHB Mike Lovell 0-0: Called Strike
0-1: Foul Ball, location: 2F
0-2: Ball
1-2: Fly out, F7 (Popup, 78S)
Batting: RHB Chris Teague 0-0: Called Strike
0-1: Ball
1-1: Swinging Strike
1-2: SINGLE (Groundball, 56D)
António Montés to second
Batting: RHB John Williams 0-0: Ball
1-0: Swinging Strike
1-1: Ball
2-1: Swinging Strike
2-2: Grounds into double play, 4-6-3 (Groundball, 4)
Top of the 1st over - 0 run(s), 2 hit(s), 0 error(s), 1 left on base; Athletic Club KC Academy 0 - San Bernardino 0
BOTTOM OF THE 1ST
San Bernardino Grasshoppers batting - Pitching for Athletic Club KC Academy : LHP Tim Ritchie
Pitching: LHP Tim Ritchie
Batting: RHB Alfonso Enríquez 0-0: Called Strike
0-1: Ball
1-1: Foul Ball, location: 2F
1-2: Strikes out looking
Batting: RHB Mark Field 0-0: Foul Ball, location: 2F
0-1: Ball
1-1: Ball
2-1: Ground out 5-3 (Groundball, 56)
Batting: RHB Cal Robinson 0-0: Called Strike
0-1: Swinging Strike
0-2: Strikes out swinging
Bottom of the 1st over - 0 run(s), 0 hit(s), 0 error(s), 0 left on base; Athletic Club KC Academy 0 - San Bernardino 0
TOP OF THE 2ND
Athletic Club KC Academy batting - Pitching for San Bernardino Grasshoppers : RHP Pablo Vargas
Batting: RHB Larry Johnston 0-0: Fly out, F7 (Flyball, 7LS)
Batting: RHB Bob Curry 0-0: Ball
1-0: Ball
2-0: Ground out 6-3 (Groundball, 6M)
Batting: RHB Leonardo Ortega 0-0: Ball
1-0: Called Strike
1-1: Called Strike
1-2: Foul Ball, location: 2F
1-2: Ball
2-2: Ball
3-2: Base on Balls
Batting: RHB Adrian Draper 0-0: Swinging Strike
0-1: Swinging Strike
0-2: Ball
1-2: Ball
2-2: Fly out, F7 (Flyball, 7M)
Top of the 2nd over - 0 run(s), 0 hit(s), 0 error(s), 1 left on base; Athletic Club KC Academy 0 - San Bernardino 0
BOTTOM OF THE 2ND
San Bernardino Grasshoppers batting - Pitching for Athletic Club KC Academy : LHP Tim Ritchie
Batting: RHB Arlen King 0-0: Fly out, F3 (Popup, 3D)
Batting: SHB Troy Grant 0-0: Ball
1-0: Ball
2-0: Ball
3-0: Base on Balls
Batting: SHB Joe Adams 0-0: Foul Ball, location: 2F
0-1: Called Strike
0-2: Ball
1-2: Foul Ball, location: 2F
1-2: Ball
2-2: Strikes out swinging
Batting: RHB Frank Collins 0-0: Foul Ball, location: 2F
0-1: Called Strike
0-2: Ball
1-2: Foul Ball, location: 2F
1-2: Ball
2-2: Foul Ball, location: 2F
2-2: Ball
3-2: Foul Ball, location: 2F
3-2: Base on Balls
Troy Grant to second
Batting: RHB Justin Roberts 0-0: Called Strike
0-1: Ball
1-1: Called Strike
1-2: 3-RUN HOME RUN (Flyball, 7D), Distance : 386 ft
Batting: SHB Bernardo Hernández 0-0: Foul Ball, location: 2F
0-1: Swinging Strike
0-2: Ball
1-2: Strikes out swinging
Bottom of the 2nd over - 3 run(s), 1 hit(s), 0 error(s), 0 left on base; Athletic Club KC Academy 0 - San Bernardino 3
TOP OF THE 3RD
Athletic Club KC Academy batting - Pitching for San Bernardino Grasshoppers : RHP Pablo Vargas
Batting: LHB Ed Hammond 0-0: Ground out U3 (Groundball, 3)
Batting: SHB António Montés 0-0: Called Strike
0-1: Ball
1-1: Called Strike
1-2: Ball
2-2: Foul Ball, location: 2F
2-2: Ground out 4-3 (Groundball, 34)
Batting: RHB Mike Lovell 0-0: Ball
1-0: Ball
2-0: Ball
3-0: Base on Balls
Batting: RHB Chris Teague 0-0: Called Strike
0-1: Swinging Strike
0-2: Foul Ball, location: 2F
0-2: Ball
1-2: Ball
2-2: Strikes out swinging
Top of the 3rd over - 0 run(s), 0 hit(s), 0 error(s), 1 left on base; Athletic Club KC Academy 0 - San Bernardino 3
BOTTOM OF THE 3RD
San Bernardino Grasshoppers batting - Pitching for Athletic Club KC Academy : LHP Tim Ritchie
Batting: RHB Alfonso Enríquez 0-0: Swinging Strike
0-1: Ball
1-1: SINGLE (Line Drive, 56D)
Batting: RHB Mark Field 0-0: Ball
1-0: Ball
2-0: Called Strike
2-1: SINGLE (Groundball, 4MD)
Alfonso Enríquez to second
Batting: RHB Cal Robinson 0-0: Foul Ball, location: 2F
0-1: Ball
1-1: Ball
2-1: Foul Ball, location: 2F
2-2: Ball
3-2: Foul Ball, location: 2F
3-2: Grounds into double play, 6-4-3 (Groundball, 6M)
Alfonso Enríquez to third
Batting: RHB Arlen King 0-0: Foul Ball, location: 2F
0-1: Foul Ball, location: 2F
0-2: Ball
1-2: SINGLE (Groundball, 6MD)
Alfonso Enríquez scores
Batting: SHB Troy Grant 0-0: TRIPLE (Flyball, 89XD)
Arlen King scores
Batting: SHB Joe Adams 0-0: Called Strike
0-1: Ball
1-1: Called Strike
1-2: Ball
2-2: SINGLE (Groundball, 4M)
Troy Grant scores
Batting: RHB Frank Collins 0-0: Ball
1-0: Called Strike
1-1: Ball
2-1: Ground out 6-3 (Groundball, 56)
Bottom of the 3rd over - 3 run(s), 5 hit(s), 0 error(s), 1 left on base; Athletic Club KC Academy 0 - San Bernardino 6
TOP OF THE 4TH
Athletic Club KC Academy batting - Pitching for San Bernardino Grasshoppers : RHP Pablo Vargas
Batting: RHB John Williams 0-0: Foul Ball, location: 2F
0-1: Called Strike
0-2: Ground out 5-3 (Groundball, 5L)
Batting: RHB Larry Johnston 0-0: Swinging Strike
0-1: Ball
1-1: Called Strike
1-2: Foul Ball, location: 2F
1-2: Ball
2-2: Foul Ball, location: 2F
2-2: Fly out, F9 (Popup, 9LS)
Batting: RHB Bob Curry 0-0: Swinging Strike
0-1: SINGLE (Groundball, 34)
Batting: RHB Leonardo Ortega 0-0: Ball
1-0: Reached on error, E5 (Groundball, 5L)
Bob Curry to second
Batting: RHB Adrian Draper 0-0: Ball
1-0: Foul Ball, location: 2F
1-1: Ball
2-1: Foul Ball, location: 2F
2-2: SINGLE (Groundball, 4M)
Bob Curry to third
Leonardo Ortega to second
Runner from 3rd tries for Home, SAFE, throw made at trailing runner, OUT at third!
Top of the 4th over - 1 run(s), 2 hit(s), 1 error(s), 1 left on base; Athletic Club KC Academy 1 - San Bernardino 6
BOTTOM OF THE 4TH
San Bernardino Grasshoppers batting - Pitching for Athletic Club KC Academy : LHP Tim Ritchie
Pitching: RHP Harrison Teague
Batting: RHB Justin Roberts 0-0: Called Strike
0-1: Ball
1-1: Ball
2-1: Ball
3-1: Base on Balls
Batting: SHB Bernardo Hernández 0-0: Fly out, F8 (Flyball, 8LS)
Batting: RHB Alfonso Enríquez 0-0: Ball
1-0: Swinging Strike
1-1: Ball
2-1: Swinging Strike
2-2: Foul Ball, location: 2F
2-2: SINGLE (Groundball, 23) (infield hit)
Justin Roberts to second
Batting: RHB Mark Field 0-0: Called Strike
0-1: Ball
1-1: Called Strike
1-2: Foul Ball, location: 2F
1-2: Fielders Choice at 2nd, 6-4 (Groundball, 6)
Justin Roberts to third
Batting: RHB Cal Robinson 0-0: Ball
1-0: Swinging Strike
1-1: Ball
2-1: Ball
3-1: DOUBLE (Flyball, 8RXD)
Justin Roberts scores
Mark Field to third
Runner from 3rd tries for Home, SAFE, no throw or cutoff
Batting: RHB Arlen King 0-0: Called Strike
0-1: Ball
1-1: Called Strike
1-2: Foul Ball, location: 2F
1-2: Ball
2-2: Strikes out swinging
Bottom of the 4th over - 2 run(s), 2 hit(s), 0 error(s), 1 left on base; Athletic Club KC Academy 1 - San Bernardino 8
TOP OF THE 5TH
Athletic Club KC Academy batting - Pitching for San Bernardino Grasshoppers : RHP Pablo Vargas
Batting: LHB Ed Hammond 0-0: Ball
1-0: Called Strike
1-1: SINGLE (Groundball, 3D)
Batting: SHB António Montés 0-0: Ball
1-0: Ball
2-0: Ball
3-0: Called Strike
3-1: Base on Balls
Ed Hammond to second
Batting: RHB Mike Lovell 0-0: Fly out, F9 (Flyball, 89M)
Batting: RHB Chris Teague 0-0: Ball
1-0: Ground out 5-3 (Groundball, 56S)
Ed Hammond to third
António Montés to second
Batting: RHB John Williams 0-0: Ball
1-0: Ball
2-0: Ball
3-0: Called Strike
3-1: Foul Ball, location: 2F
3-2: Foul Ball, location: 2F
3-2: Foul Ball, location: 2F
3-2: SINGLE (Line Drive, 4M)
Ed Hammond scores
António Montés to third
António Montés scores
Batting: RHB Larry Johnston 0-0: Foul Ball, location: 2F
0-1: Ball
1-1: Ball
2-1: Ball
3-1: Foul Ball, location: 2F
3-2: Base on Balls
John Williams to second
Batting: RHB Bob Curry 0-0: Ball
1-0: Foul Ball, location: 2F
1-1: SINGLE (Line Drive, 9LS)
John Williams to third
Larry Johnston to second
Runner from 3rd tries for Home, SAFE, no throw or cutoff
Batting: RHB Leonardo Ortega 0-0: Called Strike
0-1: Fly out, F8 (Flyball, 8RXD)
Top of the 5th over - 3 run(s), 3 hit(s), 0 error(s), 2 left on base; Athletic Club KC Academy 4 - San Bernardino 8
BOTTOM OF THE 5TH
San Bernardino Grasshoppers batting - Pitching for Athletic Club KC Academy : RHP Harrison Teague
Batting: SHB Troy Grant 0-0: Ball
1-0: Ball
2-0: Ball
3-0: Base on Balls
Batting: SHB Joe Adams 0-0: Ball
Wild Pitch!
Troy Grant to second
1-0: Ball
2-0: Ball
3-0: Base on Balls
Batting: RHB Frank Collins 0-0: Called Strike
0-1: Ball
1-1: Bunt missed!
1-2: Ball
2-2: Strikes out swinging
Batting: RHB Justin Roberts 0-0: Foul Ball, location: 2F
0-1: Ball
1-1: Called Strike
Troy Grant steals 3rd base
Joe Adams to second
1-2: Ball
2-2: 3-RUN HOME RUN (Flyball, 7D), Distance : 394 ft
Pitching: LHP Ignacio López
Batting: SHB Bernardo Hernández 0-0: Ball
1-0: Foul Ball, location: 2F
1-1: Ground out 5-3 (Groundball, 56S)
Batting: RHB Alfonso Enríquez 0-0: Swinging Strike
0-1: Ball
1-1: Foul Ball, location: 2F
1-2: Foul Ball, location: 2F
1-2: Ball
2-2: Ball
3-2: Foul Ball, location: 2F
3-2: SINGLE (Groundball, 6MD)
Batting: RHB Mark Field 0-0: Swinging Strike
0-1: Called Strike
0-2: Foul Ball, location: 2F
0-2: Foul Ball, location: 2F
0-2: Ball
1-2: Foul Ball, location: 2F
1-2: Ball
2-2: Fly out, F9 (Flyball, 9LM)
Bottom of the 5th over - 3 run(s), 2 hit(s), 0 error(s), 1 left on base; Athletic Club KC Academy 4 - San Bernardino 11
TOP OF THE 6TH
Athletic Club KC Academy batting - Pitching for San Bernardino Grasshoppers : RHP Pablo Vargas
Batting: RHB Adrian Draper 0-0: Called Strike
0-1: Fly out, F8 (Popup, 6MD)
Batting: LHB Ed Hammond 0-0: Foul Ball, location: 2F
0-1: Ground out 4-3 (Groundball, 34)
Batting: SHB António Montés 0-0: Fly out, F7 (Flyball, 7S)
Top of the 6th over - 0 run(s), 0 hit(s), 0 error(s), 0 left on base; Athletic Club KC Academy 4 - San Bernardino 11
BOTTOM OF THE 6TH
San Bernardino Grasshoppers batting - Pitching for Athletic Club KC Academy : LHP Ignacio López
Batting: RHB Cal Robinson 0-0: Ball
1-0: Foul Ball, location: 2F
1-1: Called Strike
1-2: Ball
2-2: Ball
3-2: Foul Ball, location: 2F
3-2: Fly out, F8 (Flyball, 8RS)
Batting: RHB Arlen King 0-0: Called Strike
0-1: Foul Ball, location: 2F
0-2: SINGLE (Groundball, 6)
Batting: SHB Troy Grant 0-0: Called Strike
0-1: Swinging Strike
0-2: Strikes out looking
Batting: SHB Joe Adams 0-0: Ball
Pickoff Throw to First - Out!
Bottom of the 6th over - 0 run(s), 1 hit(s), 0 error(s), 0 left on base; Athletic Club KC Academy 4 - San Bernardino 11
TOP OF THE 7TH
Athletic Club KC Academy batting - Pitching for San Bernardino Grasshoppers : RHP Pablo Vargas
Batting: RHB Mike Lovell 0-0: Ball
1-0: Called Strike
1-1: Foul Ball, location: 2F
1-2: Ball
2-2: Ball
3-2: Ground out 5-3 (Groundball, 56)
Batting: RHB Chris Teague 0-0: Ball
1-0: SINGLE (Groundball, 4MD)
Batting: RHB John Williams 0-0: Grounds into double play, 6-4-3 (Groundball, 6)
Top of the 7th over - 0 run(s), 1 hit(s), 0 error(s), 0 left on base; Athletic Club KC Academy 4 - San Bernardino 11
BOTTOM OF THE 7TH
San Bernardino Grasshoppers batting - Pitching for Athletic Club KC Academy : LHP Ignacio López
Batting: SHB Joe Adams 0-0: Called Strike
0-1: Ball
1-1: Foul Ball, location: 2F
1-2: Foul Ball, location: 2F
1-2: SINGLE (Groundball, 13) (infield hit)
Batting: RHB Frank Collins Balk!
Joe Adams to second
0-0: Called Strike
0-1: Called Strike
0-2: Ball
1-2: Ball
2-2: Ball
3-2: Fly out, F8 (Flyball, 8RM)
Batting: RHB Justin Roberts 0-0: Ball
1-0: Swinging Strike
1-1: Foul Ball, location: 2F
1-2: Hit by Pitch
Batting: SHB Bernardo Hernández 0-0: Ball
1-0: SINGLE (Line Drive, 34)
Joe Adams to third
Justin Roberts to second
Runner from 3rd tries for Home, SAFE, no throw or cutoff
Batting: RHB Alfonso Enríquez 0-0: Called Strike
0-1: Swinging Strike
0-2: Ball
1-2: Ball
2-2: SINGLE (Groundball, 56D)
Justin Roberts to third
Bernardo Hernández to second
Runner from 3rd tries for Home, SAFE, throw made home
Bernardo Hernández to third
Alfonso Enríquez to second
Pitching: RHP Stanley Griffin
Batting: RHB Mark Field 0-0: Called Strike
0-1: Ball
1-1: Ball
2-1: Foul Ball, location: 2F
2-2: Foul Ball, location: 2F
2-2: SINGLE (Groundball, 6MD)
Bernardo Hernández scores
Alfonso Enríquez to third
Runner from 3rd tries for Home, SAFE, no throw or cutoff
Batting: RHB Cal Robinson 0-0: Ball
1-0: Called Strike
1-1: Swinging Strike
1-2: Foul Ball, location: 2F
1-2: Foul Ball, location: 2F
1-2: Fly out, F4 (Line Drive, 4M)
Batting: RHB Arlen King 0-0: Ball
1-0: Ball
2-0: Ball
3-0: Called Strike
3-1: Base on Balls
Mark Field to second
Batting: SHB Troy Grant 0-0: Ball
1-0: Foul Ball, location: 2F
1-1: Ball
2-1: Fly out, F8 (Popup, 4MD)
Bottom of the 7th over - 4 run(s), 4 hit(s), 0 error(s), 2 left on base; Athletic Club KC Academy 4 - San Bernardino 15
TOP OF THE 8TH
Athletic Club KC Academy batting - Pitching for San Bernardino Grasshoppers : RHP Pablo Vargas
Batting: RHB Larry Johnston 0-0: Ball
1-0: Ground out 4-3 (Groundball, 4)
Batting: RHB Bob Curry 0-0: Foul Ball, location: 2F
0-1: Fly out, F6 (Popup, 6)
Batting: RHB Leonardo Ortega 0-0: Called Strike
0-1: Swinging Strike
0-2: Foul Ball, location: 2F
0-2: Foul Ball, location: 2F
0-2: Ball
1-2: Ground out 4-3 (Groundball, 4)
Top of the 8th over - 0 run(s), 0 hit(s), 0 error(s), 0 left on base; Athletic Club KC Academy 4 - San Bernardino 15
BOTTOM OF THE 8TH
San Bernardino Grasshoppers batting - Pitching for Athletic Club KC Academy : RHP Stanley Griffin
Batting: SHB Joe Adams 0-0: Called Strike
0-1: Called Strike
0-2: Strikes out looking
Batting: RHB Frank Collins 0-0: Ball
1-0: Called Strike
1-1: Called Strike
1-2: Strikes out swinging
Batting: RHB Justin Roberts 0-0: Ball
1-0: Ball
2-0: Ball
3-0: Called Strike
3-1: Called Strike
3-2: Base on Balls
Batting: SHB Bernardo Hernández 0-0: Ball
1-0: Ball
2-0: Called Strike
2-1: Ball
3-1: Base on Balls
Justin Roberts to second
Batting: RHB Alfonso Enríquez 0-0: Ball
1-0: Ball
2-0: Ball
3-0: Called Strike
3-1: Foul Ball, location: 2F
3-2: Base on Balls
Justin Roberts to third
Bernardo Hernández to second
Batting: RHB Mark Field 0-0: Ball
1-0: Called Strike
1-1: Ball
2-1: Fielders Choice at 2nd, U6 (Groundball, 6M)
Bottom of the 8th over - 0 run(s), 0 hit(s), 0 error(s), 3 left on base; Athletic Club KC Academy 4 - San Bernardino 15
TOP OF THE 9TH
Athletic Club KC Academy batting - Pitching for San Bernardino Grasshoppers : RHP Pablo Vargas
Now at 3B: Cecil Cole
Now at SS: Fernando Díaz
Batting: RHB Adrian Draper 0-0: Called Strike
0-1: Fly out, F7 (Flyball, 78S)
Batting: LHB Ed Hammond 0-0: Ball
1-0: Swinging Strike
1-1: Ball
2-1: Called Strike
2-2: Foul Ball, location: 2F
2-2: Foul Ball, location: 2F
2-2: Foul Ball, location: 2F
2-2: SINGLE (Groundball, 15S) (infield hit)
Pitching: RHP Jorge Guerrero
Batting: SHB António Montés 0-0: Fielders Choice at 2nd, 3-6 (Groundball, 3)
Batting: RHB Mike Lovell 0-0: SINGLE (Line Drive, 6D)
António Montés to second
Batting: RHB Chris Teague 0-0: Ball
1-0: Ball
2-0: Ball
3-0: Called Strike
3-1: Foul Ball, location: 2F
3-2: SINGLE (Line Drive, 9LS)
António Montés to third
Mike Lovell to second
António Montés scores
Mike Lovell to third
Batting: RHB John Williams 0-0: Called Strike
0-1: Ball
1-1: Called Strike
1-2: Ball
2-2: Foul Ball, location: 2F
2-2: Ball
3-2: Foul Ball, location: 2F
3-2: Strikes out looking
Top of the 9th over - 1 run(s), 3 hit(s), 0 error(s), 2 left on base; Athletic Club KC Academy 5 - San Bernardino 15
This league is powered by Out of the Park Baseball, the baseball management simulation game for PC, Mac and Linux
Friday, January 22nd, 2016 - OOTP Baseball 16.9 Build 39